 Dungeon Crawl Stone Soup version 0.31-a0-803-g95b03c3367 (webtiles) character file.

Game seed: 1930379682773943150

10242 night the Grappler (level 11, -3/82 HPs)
             Began as a Grey Draconian Shapeshifter on Sept 20, 2023.
             Was a Follower of Lugonu.
             Slain by a wolf (4 damage)
             ... on level 1 of the Lair of Beasts on Sept 21, 2023.
             The game lasted 00:41:38 (11799 turns).

night the Grappler (Grey Draconian Shapeshifter)   Turns: 11799, Time: 00:41:38

Health: -3/82      AC: 18    Str: 16    XL:     11   Next: 33%
Magic:  18/18      EV: 12    Int: 16    God:    Lugonu [*.....]
Gold:   1605       SH:  0    Dex: 10    Spells: 7/10 levels left

rFire   . .          .
                       - Unarmed
rCold   . . .        k - melded +0 buckler of Kumupo {rPois Will++ Dex-3}
rNeg    . . .        (body armour unavailable)
rPois   .            (helmet restricted)
rElec   .            u - +2 cloak
rCorr   +            (no gloves)
SInv    .            g - +2 pair of boots
Will    .....        (no amulet)
Stlth   +            d - ring of resist corrosion
HPRegen 0.33/turn    (no ring)
MPRegen 0.16/turn

%: no passive effects
@: about to teleport, flux-form, glowing
A: glow, contaminating, AC +12, amphibious, unfitting armour, cold-blooded
a: Begin Untransformation, Renounce Religion, Depart the Abyss


You were on level 1 of the Lair of Beasts.
You worshipped Lugonu.
Lugonu was aware of your devotion.
You were something dangerously unstable.
You visited 3 branches of the dungeon, and saw 13 of its levels.
You visited the Abyss 1 time.
You also visited: Bailey.

You collected 2081 gold pieces.
You spent 476 gold pieces at shops.

Inventory:

Hand Weapons
 b - a +1 sling
Missiles
 e - 95 stones
 p - 25 poisoned darts
 r - 23 boomerangs
 y - 2 throwing nets
 z - 6 atropa-tipped darts
Armour
 g - a +2 pair of boots (worn)
 k - the +0 buckler of Kumupo (melded) {rPois Will++ Dex-3}
   (You bought it in a shop on level 3 of the Dungeon)

   Dex-3:     It affects your dexterity (-3).
   rPois:     It protects you from poison Will++: It greatly increases your
   willpower.
 u - a +2 cloak (worn)
Jewellery
 d - a ring of resist corrosion (left hand)
 q - a ring of see invisible
 F - an amulet of magic regeneration
Talismans
 c - a flux talisman (active)
 h - a beast talisman
Wands
 w - a wand of flame (10)
 D - a wand of quicksilver (20)
 L - a wand of mindburst (13)
Scrolls
 f - 5 scrolls of fog
 j - 2 scrolls of enchant weapon
 n - 3 scrolls of amnesia
 o - 3 scrolls of enchant armour
 v - a scroll of teleportation
 x - 2 scrolls of vulnerability
 A - 2 scrolls of immolation
 J - a scroll of butterflies
 M - 3 scrolls of identify
Potions
 a - 4 potions of lignification
 i - 3 potions of magic {unknown}
 l - 2 potions of cancellation
 m - a potion of heal wounds
 t - 6 potions of enlightenment
 C - 3 potions of attraction {unknown}
 E - a potion of resistance {unknown}
 G - a potion of invisibility {unknown}
 H - 2 potions of might {unknown}
 I - a potion of haste {unknown}


   Skills:
 + Level 3.6 Fighting
 + Level 3.3 Dodging
 * Level 11.0 Unarmed Combat
 + Level 2.7 Ice Magic
 - Level 10.0 Invocations
 + Level 9.6 Shapeshifting


You had 7 spell levels left.
You knew the following spells:

 Your Spells              Type           Power      Damage    Failure   Level
a - Ozocubu's Armour      Ice            8%         N/A       24%         3

Your spell library contained the following spells:

 Spells                   Type           Power      Damage    Failure   Level
 Magic Dart               Conj           0%         1d3       26%         1
 Call Imp                 Summ           0%         N/A       36%         2
 Mephitic Cloud           Conj/Pois/Air  0%         N/A       58%         3
 Vhi's Electric Charge    Tloc/Air       0%         N/A       94%         4
 Arcjolt                  Conj/Air       0%         1d10      100%        5
 Iskenderun's Battlesphe  Conj           0%         2d6       100%        5
 Leda's Unmaking          Conj/Erth      0%         9d1       100%        6
 Ozocubu's Refrigeration  Ice            4%         4d8       100%        7
 Spellforged Servitor     Conj/Summ      0%         N/A       100%        7
 Maxwell's Capacitive Co  Air            0%         ∞         100%        8


Dungeon Overview and Level Annotations

Branches:
Dungeon (11/15)            Temple (1/1) D:7            Lair (1/5) D:11
    Orc (0/2) D:10         Bailey (visited)

Altars:
Ashenzari
Cheibriados
Dithmenos
Elyvilon
Fedhas
Gozag
Hepliaklqana
Kikubaaqudgha
Makhleb
Nemelex Xobeh
Okawaru
Qazlal
Ru
Sif Muna
Trog
Uskayaw
Vehumet
Wu Jian
Xom
Yredelemnul
Zin
The Shining One

Shops:
D:3 [   D:4 [   D:7 (   D:9 [


Innate Abilities, Weirdness & Mutations

You are something dangerously unstable.
You glow with magical radiation, making you easy to see and hit.
Foes you strike become dangerously contaminated with magical radiation.
You are incapable of wielding weapons or throwing items.
Your dull iron-grey scales are very hard. (AC +12)
You are amphibious.
You cannot fit into any form of body armour.
You are cold-blooded and may be slowed by cold attacks.


Message History

A blink frog comes into view.
The wolf bites you but does no damage. The wolf barely misses you.
The cane toad completely misses you.
You barely miss the wolf.
The blink frog gives a loud, deep croak!
The wolf bites you. x2
You punch the wolf!
The wolf begins to glow.
You tail-slap the wolf, but do no damage.
The wolf is heavily wounded.
The wolf bites you but does no damage. The wolf closely misses you.
The cane toad closely misses you. The wolf bites you.
The wolf closely misses you.
Okay, then.
The wolf attacks as it pursues you! The wolf bites you but does no damage.
The wolf stops to sniff the ground.
The cane toad stings you!
* * * LOW HITPOINT WARNING * * *
You are poisoned.
The cane toad poisons you!
You feel very sick. The wolf attacks as it pursues you! The wolf bites you.
* * * LOW HITPOINT WARNING * * *
The wolf attacks as it pursues you! The wolf bites you.
* * * LOW HITPOINT WARNING * * *
The blink frog blinks!
The wolf barely misses you. x2
You feel sick.
The blink frog blinks!
The wolf bites you.
* * * LOW HITPOINT WARNING * * *
The wolf attacks as it pursues you!
The wolf bites you but does no damage. x2
The wolf bites you.
* * * LOW HITPOINT WARNING * * *
You feel better. The wolf closely misses you. The wolf bites you.
* * * LOW HITPOINT WARNING * * *
The cane toad closely misses you.
As you read the scroll of teleportation, it crumbles to dust.
You feel strangely unstable. The wolf bites you but does no damage.
The wolf bites you!
* * * LOW HITPOINT WARNING * * *
The blink frog misses you. The cane toad barely misses you.
The wolf closely misses you. The wolf bites you.
You die...

.............
.............
............
...........##
............## .
.............## ..
.........†....## ...
...............#....
.......<.ph.....#...
........FFh..$......
....................
....................
....................
.....?..............
....................
.......F............
..#.#.#.#...#....


You could see a cane toad, 2 blink frogs and 2 wolves.

Vanquished Creatures
  Erolcha (D:9)
  An orc knight (Bailey)
  Pikel (D:6)
  A manticore (D:11)
  An ice statue (D:10)
  A komodo dragon (Lair:1)
  A kobold demonologist (D:11)
  3 trolls
  2 hornets (D:10)
  3 shadows
  2 wyverns
  11 yaks (D:9)
  A wraith (D:11)
  A steam dragon (D:8)
  3 water moccasins
  A black bear (D:7)
  2 ice beasts
  10 orc warriors
  An ogre (D:6)
  A wolf (Lair:1)
  A centaur (D:11)
  A phantom (D:10)
  A lemure (D:6)
  2 gnoll sergeants
  A bullfrog (D:9)
  3 scorpions
  4 wights (D:7)
  Dowan (D:4)
  4 killer bees (D:8)
  3 troll zombies (D:10)
  2 howler monkeys
  4 jellies
  A gnoll bouda (D:5)
  2 orc priests
  A hound (D:3)
  3 iguanas
  A sleepcap (D:5)
  Terence (D:3)
  8 orc wizards
  3 ogre zombies (D:10)
  12 gnolls
  7 adders
  4 white imps
  3 ufetubi
  A worm (D:3)
  4 dart slugs
  24 orcs
  5 ball pythons
  5 bats
  7 endoplasms
  2 giant cockroaches
  8 goblins
  6 hobgoblins
  6 jackals
  3 quokkas
  5 frilled lizards
  A goblin skeleton (D:10)
  A goblin zombie (D:10)
  2 hobgoblin skeletons (D:10)
  A hobgoblin zombie (D:10)
  18 kobolds
  An orc skeleton (D:10)
  13 orc zombies (D:10)
  6 rats
240 creatures vanquished.

Vanquished Creatures (collateral kills)
  Duvessa (D:4)
  A ball python (D:4)
  An endoplasm (D:4)
3 creatures vanquished.

Vanquished Creatures (others)
  2 starspawn tentacles (Abyss:1)
2 creatures vanquished.

Grand Total: 245 creatures vanquished

Notes
Turn   | Place    | Note
-------+----------+-------------------------------------------
     0 | D:1      | night the Draconian Shapeshifter began the quest for the
                  | Orb.
     0 | D:1      | Reached XP level 1. HP: 16/16 MP: 1/1
   219 | D:1      | Reached XP level 2. HP: 12/23 MP: 2/2
   484 | D:1      | Found a faded altar of an unknown god.
   496 | D:1      | Prayed at the altar of an unknown god.
   496 | D:1      | Became a worshipper of Nemelex Xobeh the Trickster
   496 | D:1      | Reached * piety under Nemelex Xobeh
   496 | D:1      | Received a gift from Nemelex Xobeh
   872 | D:1      | Reached XP level 3. HP: 25/28 MP: 3/3
  1128 | D:2      | Reached skill level 1 in Invocations
  1163 | D:2      | Received a gift from Nemelex Xobeh
  1317 | D:2      | Reached XP level 4. HP: 33/35 MP: 3/5
  1482 | D:2      | Reached skill level 4 in Unarmed Combat
  1722 | D:3      | Reached ** piety under Nemelex Xobeh
  1776 | D:3      | Noticed Terence
  1794 | D:3      | Killed Terence
  1795 | D:3      | Reached skill level 2 in Invocations
  2061 | D:3      | Found Ymmorop's Antique Armour Emporium.
  2160 | D:3      | Found a snail-covered altar of Cheibriados.
  2163 | D:3      | Found a broken altar of Ashenzari.
  2368 | D:4      | Reached XP level 5. HP: 26/40 MP: 6/6
  2398 | D:3      | HP: 3/40 [scorpion (5)]
  2535 | D:4      | Identified a scroll of acquirement
  2539 | D:4      | Found Fetuan's Armour Shop.
  2551 | D:4      | Noticed Duvessa
  2551 | D:4      | Noticed Dowan
  2722 | D:4      | Reached XP level 6. HP: 17/47 MP: 8/8
  2741 | D:3      | HP: 7/47 [hound (5)]
  2921 | D:4      | Killed Duvessa
  2922 | D:4      | Reached skill level 5 in Unarmed Combat
  2923 | D:4      | Killed Dowan
  3351 | D:5      | Entered Level 5 of the Dungeon
  3394 | D:4      | Acquired 513 gold pieces
  3451 | D:3      | Bought a brightly glowing buckler for 266 gold pieces
  3451 | D:3      | Identified the +0 buckler of Kumupo {rPois Will++ Dex-3}
                  | (You bought it in a shop on level 3 of the Dungeon)
  3451 | D:3      | Bought a glowing cloak for 210 gold pieces
  3622 | D:5      | Reached skill level 5 in Shapeshifting
  3622 | D:5      | Your scales start taking on a dull iron-grey colour.
  3622 | D:5      | Reached XP level 7. HP: 47/52 MP: 10/10
  3768 | D:5      | Received a gift from Nemelex Xobeh
  3809 | D:5      | Reached *** piety under Nemelex Xobeh
  3813 | D:5      | Noticed a troll
  3825 | D:5      | HP: 5/42 [troll (6)]
  3826 | D:5      | Killed a troll
  4007 | D:5      | Reached skill level 6 in Unarmed Combat
  4007 | D:5      | Reached skill level 5 in Invocations
  4507 | D:5      | Reached XP level 8. HP: 59/59 MP: 10/12
  4846 | D:6      | Received a gift from Nemelex Xobeh
  5339 | D:6      | Noticed Pikel
  5357 | D:6      | Killed Pikel
  5358 | D:6      | Reached skill level 7 in Unarmed Combat
  5647 | D:6      | Reached **** piety under Nemelex Xobeh
  5772 | D:7      | Received a gift from Nemelex Xobeh
  6041 | D:7      | Reached XP level 9. HP: 64/64 MP: 14/14
  6133 | D:7      | Found a white marble altar of Elyvilon.
  6133 | D:7      | Found a glowing golden altar of the Shining One.
  6133 | D:7      | Found a glowing silver altar of Zin.
  6157 | D:7      | Found a staircase to the Ecumenical Temple.
  6180 | D:7      | Found Baomarghi's Weapon Boutique.
  6205 | Temple   | Entered the Ecumenical Temple
  6356 | D:7      | Found a shimmering altar of Xom.
  6514 | D:8      | Reached skill level 8 in Unarmed Combat
  6542 | D:8      | Received a gift from Nemelex Xobeh
  6784 | D:8      | You fall into a shaft and drop 3 floors!
  6888 | D:11     | Noticed a manticore
  6888 | D:11     | Noticed a kobold demonologist
  6900 | D:11     | Noticed a smoke demon
  6909 | D:11     | Killed a kobold demonologist
  6919 | D:11     | Killed a manticore
  6988 | D:10     | Entered Level 10 of the Dungeon
  6994 | D:10     | Noticed a troll
  7016 | D:11     | HP: 5/64 [shadow (10)]
  7019 | D:11     | Reached skill level 9 in Unarmed Combat
  7039 | D:11     | Noticed a troll
  7053 | D:11     | Killed a troll
  7054 | D:11     | Reached XP level 10. HP: 21/71 MP: 16/16
  7350 | D:10     | Found a flagged portal.
  7360 | Bailey   | Entered a bailey
  7371 | Bailey   | Noticed an orc knight
  7612 | Bailey   | Killed an orc knight
  8181 | D:10     | Reached ***** piety under Nemelex Xobeh
  8249 | D:10     | Received a gift from Nemelex Xobeh
  8279 | D:10     | Found a staircase to the Orcish Mines.
  8300 | D:10     | Reached skill level 10 in Unarmed Combat
  8493 | D:10     | Reached skill level 10 in Invocations
  8674 | D:10     | Noticed an ice statue
  8680 | D:10     | Learned a level 3 spell: Ozocubu's Armour
  8684 | D:10     | Reached skill level 2 in Dodging
  9198 | D:8      | Reached skill level 2 in Fighting
  9371 | D:9      | Found Ulales's Armour Emporium.
  9403 | D:9      | Reached skill level 1 in Ice Magic
  9613 | D:9      | Reached XP level 11. HP: 34/80 MP: 18/18
  9837 | D:9      | Received a gift from Nemelex Xobeh
  9938 | D:9      | Reached skill level 2 in Ice Magic
  9990 | D:9      | Noticed Erolcha
  9997 | Abyss:1  | Found a corrupted altar of Lugonu.
  9997 | Abyss:1  | Cast into level 1 of the Abyss (Erolcha)
 10032 | Abyss:1  | Found a corrupted altar of Lugonu.
 10046 | Abyss:1  | Noticed a profane servitor
 10048 | Abyss:1  | Noticed a tentacled starspawn
 10060 | Abyss:1  | HP: 10/80 [poisoned by a profane servitor]
 10061 | Abyss:1  | HP: 2/80 [poisoned by a profane servitor]
 10066 | Abyss:1  | Fell from the grace of Nemelex Xobeh
 10066 | Abyss:1  | Became a worshipper of Lugonu the Unformed
 10066 | Abyss:1  | Reached * piety under Lugonu
 10066 | Abyss:1  | Reached ** piety under Lugonu
 10070 | D:9      | Escaped the Abyss
 10074 | D:9      | HP: 12/80 [Erolcha/+0 giant spiked club (36)]
 10082 | D:9      | Killed Erolcha
 10790 | D:10     | Identified the +9 sling of Scorn {flame, rC+ Str+3 Dex+3}
 11401 | D:11     | Found a staircase to the Lair.
 11712 | Lair:1   | Entered Level 1 of the Lair of Beasts
 11720 | Lair:1   | Reached skill level 11 in Unarmed Combat
 11797 | Lair:1   | HP: 11/82 [poisoned by a cane toad]
 11797 | Lair:1   | HP: 3/82 [wolf (6)]
 11799 | Lair:1   | HP: 1/82 [wolf (8)]
 11799 | Lair:1   | Slain by a wolf

Illustrated notes

Levels and vault maps discovered:
D:1:      saegor_arrival_fortress, layout_basic,
          hellmonk_ecumenical_altar_zigzags
D:2:      layout_rooms, nicolae_elevator_lobby_asterisk
D:3:      layout_basic, nicolae_overflow_squiral, serial_shops, shop,
          uniq_terence
D:4:      layout_cave_pools, serial_shops, shop,
          amcnicky_mini_rare_corridor_liquid, patterned_corridor, uniq_duvessa
D:5:      layout_gridville, kennysheep_generic_room_11
D:6:      layout_loops_ring, serial_bayou_pond_e, uniq_pikel
D:7:      layout_cave_pools, good_gods_mini_temple, overflow_temple_1_default,
          minmay_temple_entry_large_hall, serial_shops, shop, minmay_hedge_maze
D:8:      layout_rooms
D:9:      layout_irregular_city, serial_shops, shop, grunt_decor_cap,
          minmay_misc_feat_roman, uniq_erolcha
D:10:     layout_long_grid, zombieorc1_lemuel, enter_bailey_2, minivault_16
D:11:     layout_basic, lair_entry_dummy
Temple:   kb_temple_of_zot
Lair:1:   dreamdust_isle_of_ice, layout_chaotic_city, st_stairs_8,
          roderic_batcave

Skill      XL: |  1  2  3  4  5  6  7  8  9 10 11 |
---------------+----------------------------------+-----
Invocations    | 1 2 3 4 5 7 8 10 | 10.0
Unarmed Combat | 4 5 6 7 9 10 11 | 11.0
Shapeshifting  | 4 5 6 8 9 |  9.6
Dodging        | 2 3 |  3.3
Fighting       | 2 3 |  3.6
Ice Magic      | 1 2 |  2.7

Action                     |  1- 3 |  4- 6 |  7- 9 | 10-12 || total
---------------------------+-------+-------+-------+-------++-------
  Melee: Unarmed           |   108 |   128 |   258 |   445 ||   939
         Tailslap          |     5 |    16 |    39 |    81 ||   141
         Punch             |     2 |     3 |       |       ||     5
  Throw: Stone             |       |     1 |       |       ||     1
 Invoke: Draw Summoning    |       |     1 |     1 |     1 ||     3
         Draw Destruction  |       |       |     5 |       ||     5
         Depart the Abyss  |       |       |       |     1 ||     1
Ability: Begin Untransform |     1 |     1 |     1 |       ||     3
  Evoke: Wand              |       |       |     2 |     4 ||     6
    Use: Scroll            |     4 |     4 |     4 |     3 ||    15
         Potion            |       |     3 |     2 |     7 ||    12
   Stab: Sleeping          |       |     1 |       |       ||     1
 Armour: Skin              |    56 |    88 |   188 |   302 ||   634
  Dodge: Dodged            |    59 |    83 |   135 |   266 ||   543
  Block: Buckler           |       |     2 |    15 |       ||    17
   Form: Beast             |     1 |     1 |     2 |       ||     4
         Flux              |       |       |     2 |       ||     2

Table legend: (Time is in decaauts)
 A = Elapsed time spent in this place.
 B = Non-inter-level travel time spent in this place.
 C = Inter-level travel time spent in this place.
 D = Time resting spent in this place.
 E = Time spent auto-exploring this place.
 F = Levels seen in this place.
 G = Mean time per level.
                   A        B        C        D        E       F      G
               +--------+--------+--------+--------+--------+-----+--------+
         Total |  11689 |  11228 |    461 |   2433 |   6161 |  15 |  779.3 |
       Dungeon |  11003 |  10543 |    460 |   2343 |   6031 |  11 | 1000.3 |
        Temple |      1 |      1 |      0 |      0 |      0 |   1 |    1.0 |
          Lair |     83 |     83 |      0 |      0 |     59 |   1 |   83.0 |
         Abyss |     71 |     71 |      0 |      0 |      8 |   1 |   71.0 |
        Bailey |    530 |    530 |      0 |     90 |     63 |   1 |  530.0 |
               +--------+--------+--------+--------+--------+-----+--------+

Top non-repeatable levels by time:
    D:10: 1818 daAuts
     D:5: 1455 daAuts
     D:3: 1164 daAuts
     D:9: 1119 daAuts
     D:1: 1072 daAuts
     D:6: 939 daAuts
    D:11: 833 daAuts
     D:8: 754 daAuts
     D:4: 691 daAuts
     D:7: 615 daAuts
     D:2: 539 daAuts
  Bailey: 530 daAuts
  Lair:1: 83 daAuts
 Abyss:1: 71 daAuts
  Temple: 1 daAuts
